 Dungeon Crawl Stone Soup version 0.27.1-16-g815e20cd7a (webtiles) character file.

Game seed: 8939372669199572006

529 Descartes the Nimble (level 7, -1/30 HPs)
             Began as a Felid Warper on Nov 23, 2021.
             Killed from afar by an orc wizard (2 damage)
             ... with a magic dart
             ... on level 7 of the Dungeon.
             The game lasted 00:15:08 (10057 turns).

Descartes the Nimble (Felid Warper)                Turns: 10057, Time: 00:15:09

Health: -1/30      AC:  6    Str:  9    XL:     7   Next: 3%
Magic:  11/11      EV: 26    Int: 14    God:
Gold:   357        SH:  0    Dex: 22    Spells: 0/10 levels left
                                        Lives:  0   Deaths: 2

rFire    . . .     SeeInvis +     - Unarmed
rCold    . . .     Faith    .   (shield unavailable)
rNeg     . . .     Spirit   .   (armour unavailable)
rPois    .         Reflect  .   (helmet unavailable)
rElec    .         Harm     .   (cloak unavailable)
rCorr    .         Rampage  .   (gloves unavailable)
Will     +....                  (boots unavailable)
Stlth    ++........             (no amulet)
HPRegen  0.10/turn              d - +6 ring of dexterity
MPRegen  0.12/turn              k - +4 ring of protection

@: quick
A: very small, claws 1, fangs 3, see invisible, speed 1, shaggy fur 2, stealthy
paws, no weapons or thrown items, no armour, multi-lived
a: no special abilities


You were on level 7 of the Dungeon.
You visited 1 branch of the dungeon, and saw 7 of its levels.

You collected 357 gold pieces.

Inventory:

Missiles
 c - 314 stones
Jewellery
 d - a +6 ring of dexterity (left paw)
 f - a ring of resist corrosion
 k - a +4 ring of protection (right paw)
Wands
 s - a wand of digging (4)
Scrolls
 a - 2 scrolls of blinking
 b - 7 scrolls of teleportation {unknown}
 h - 6 scrolls of identify {unknown}
 j - a scroll of immolation {unknown}
 l - a scroll of fear {unknown}
 m - a scroll of torment {unknown}
 q - a scroll of amnesia {unknown}
 t - a scroll of fog {unknown}
Potions
 e - 3 potions of heal wounds {unknown}
 g - 3 potions of lignification {unknown}
 i - a potion of berserk rage {unknown}
 n - a potion of might {unknown}
 o - a potion of haste
 p - a potion of attraction {unknown}
 r - a potion of invisibility {unknown}


   Skills:
 - Level 2.0 Fighting
 * Level 9.6 Dodging
 + Level 5.2 Unarmed Combat
 - Level 2.0 Spellcasting
 + Level 8.3 Translocations


You couldn't memorise any spells.
You knew the following spells:

 Your Spells              Type           Power      Damage    Failure   Level
a - Blink                 Tloc           N/A        N/A       1%          2
b - Manifold Assault      Tloc           24%        N/A       22%         5
c - Dazzling Flash        Conj/Hex       2%         N/A       56%         3

Your spell library contained the following spells:

 Spells                   Type           Power      Damage    Failure   Level
 Gell's Gravitas          Tloc           12%        N/A       2%          3
 Lesser Beckoning         Tloc           12%        N/A       2%          3
 Teleport Other           Tloc           24%        N/A       2%          3
 Passage of Golubria      Tloc           N/A        N/A       8%          4
 Animate Skeleton         Necr           2%         N/A       24%         1
 Pain                     Necr           4%         1d4       24%         1
 Iskenderun's Mystic Bla  Conj/Tloc      13%        2d5       38%         4
 Tukima's Dance           Hex            1%         N/A       56%         3
 Vampiric Draining        Necr           0%         2d6       56%         3
 Summon Ice Beast         Ice/Summ       1%         N/A       93%         4
 Summon Mana Viper        Hex/Summ       1%         N/A       100%        5
 Yara's Violent Unravell  Hex/Tmut       0%         3d3       100%        5
 Starburst                Conj/Fire      0%         6d3       100%        6
 Monstrous Menagerie      Summ           0%         N/A       100%        7


Dungeon Overview and Level Annotations

Branches:
Dungeon (7/15)
 Temple: D:4-7

Altars:

Shops:
D:2 *

Annotations:
D:3 Pikel
D:5 Edmund


Innate Abilities, Weirdness & Mutations

You have sharp claws.
You have razor-sharp teeth.
You have supernaturally acute eyesight. (SInv)
You cover ground quickly. (Speed+)
You are covered in thick fur. (AC +2)
Your paws help you pounce on unaware monsters.
You are incapable of wielding weapons or throwing items.
You cannot wear armour.
You gain extra lives every three experience levels.


Message History

No target in view!
No target in view!
No target in view!
No target in view!
Found a stone staircase leading up.
Found 17 arrows.
Found a stone staircase leading down.
You see here 17 arrows.
An orc warrior comes into view. It is wielding a +0 halberd.
An orc wizard comes into view. It is wielding a +0 dagger.
The orc warrior shouts!
The orc wizard shouts!
An orc priest comes into view. It is wielding a +0 club.
The orc priest shouts!
You scratch the orc wizard but do no damage.
Your claw misses the orc wizard. Your bite misses the orc wizard.
The orc wizard casts a spell.
The orc wizard flickers and vanishes for a moment.
You closely miss the orc wizard. The orc wizard misses you.
You closely miss the orc wizard. Your bite misses the orc wizard.
The orc warrior completely misses you.
You closely miss the orc wizard. The orc wizard completely misses you.
The orc warrior closely misses you.
You scratch the orc wizard but do no damage.
The orc priest closely misses you. The orc wizard casts a spell at you.
The magic dart hits you. The orc warrior closely misses you.
You barely miss the orc wizard.
You bite the orc wizard, but do no damage.
The orc priest completely misses you. The orc wizard closely misses you.
The orc warrior misses you.
You scratch the orc wizard but do no damage.
The orc priest calls down the wrath of Beogh upon you.
Pain shoots through your body!
The orc wizard hits you but does no damage.
The orc warrior hits you from afar with a +0 halberd!
Ouch! That really hurt!
* * * LOW HITPOINT WARNING * * *
The orc wizard gestures at you while chanting.
The magic dart hits you.
You die...

#.......####.
#########............
#....#........###..##
#.............# ####
#.............###
#####.o..
#####.....###
........# ##......##
#.oo### ########..##
###.@.####.## #....
#.......(># ##....
########..# ##..##.
##.###..####
###..#..## #
#......## ## ##.....#
##. ##.<.## ##..
#..### #.##


You could see an orc warrior, an orc priest and an orc wizard (invisible).

Vanquished Creatures
  A sky beast (D:6)
  3 necrophages
  A black bear (D:6)
  2 ogres
  A centaur (D:5)
  2 lemures
  A bullfrog (D:6)
  2 howler monkeys
  A bullfrog skeleton (D:6)
  A jelly (D:4)
  Terence (D:3)
  4 iguanas
  A hound skeleton (D:4)
  A howler monkey skeleton (D:6)
  7 adders
  An ufetubus (D:7)
  An adder skeleton (D:4)
  2 worms (D:2)
  5 orcs
  8 ball pythons
  9 endoplasms
  8 giant cockroaches
  8 goblins
  9 hobgoblins
  6 jackals
  6 kobolds
  4 quokkas
  13 bats
  3 frilled lizards
  6 rats
118 creatures vanquished.

Notes
Turn   | Place    | Note
-------+----------+-------------------------------------------
     0 | D:1      | Descartes the Felid Warper began the quest for the Orb.
     0 | D:1      | Reached XP level 1. HP: 9/9 MP: 4/4
   190 | D:1      | Reached XP level 2. HP: 6/13 MP: 6/6
   989 | D:1      | Reached skill level 4 in Dodging
  1202 | D:1      | Reached XP level 3. HP: 9/16 MP: 7/7
  1789 | D:2      | Found Jeemme's Assorted Antiques.
  1812 | D:2      | Reached skill level 5 in Translocations
  2865 | D:2      | Found a faded altar of an unknown god.
  3130 | D:2      | Reached XP level 4. HP: 19/19 MP: 8/8
  3149 | D:2      | Reached skill level 5 in Dodging
  4235 | D:3      | Noticed Terence
  4614 | D:3      | Learned a level 2 spell: Blink
  4638 | D:3      | Reached XP level 5. HP: 13/22 MP: 9/9
  4990 | D:4      | Noticed a necrophage
  5281 | D:4      | Killed a necrophage
  5282 | D:4      | Reached skill level 6 in Dodging
  5433 | D:4      | Noticed a lemure
  5433 | D:4      | Noticed Pikel
  5434 | D:4      | Noticed a lemure
  5440 | D:4      | Noticed a lemure
  5694 | D:4      | Noticed an ogre
  5706 | D:4      | Killed an ogre
  5707 | D:4      | Gained mutation: You are covered in thick fur. (AC +2)
                  | [Felid growth]
  5707 | D:4      | Reached XP level 6. HP: 26/26 MP: 10/10
  6229 | D:3      | Killed Terence
  6781 | D:3      | Slain by Pikel
  6782 | D:3      | Reached XP level 5. HP: -5/22 MP: 9/9
  6809 | D:5      | Entered Level 5 of the Dungeon
  6996 | D:5      | Noticed a necrophage
  7023 | D:5      | Killed a necrophage
  7024 | D:5      | Reached skill level 7 in Dodging
  7024 | D:5      | Reached XP level 6. HP: 22/26 MP: 10/10
  7493 | D:5      | Learned a level 5 spell: Manifold Assault
  7550 | D:5      | Reached skill level 8 in Dodging
  7642 | D:5      | Reached XP level 7. HP: 28/30 MP: 11/11
  8237 | D:6      | Noticed a steam dragon
  8241 | D:6      | Reached skill level 9 in Dodging
  8405 | D:4      | Noticed Edmund
  9539 | D:6      | Reached skill level 5 in Unarmed Combat
  9552 | D:6      | Reached XP level 8. HP: 29/33 MP: 12/12
  9623 | D:6      | Learned a level 3 spell: Dazzling Flash
  9726 | D:6      | Slain by a steam dragon
  9727 | D:6      | Reached XP level 7. HP: -2/30 MP: 11/11
 10056 | D:7      | HP: 1/30 [orc warrior (15)]
 10057 | D:7      | Killed from afar by an orc wizard

Illustrated notes

Levels and vault maps discovered:
D:1:      lightli_arrival_lavapool, layout_rooms, hex_intersection,
          kennysheep_decorative_pillar, minmay_misc_feat_x,
          minmay_misc_feat_doors
D:2:      layout_loops_ring, serial_shops, nicolae_square_shop,
          dreamdust_ecumenical_altar_angels_and_demons, columned_hall_lemuel,
          minmay_pentomino_q2
D:3:      layout_loops_ring, minmay_close_crescents, uniq_terence
D:4:      layout_basic, uniq_edmund, uniq_pikel
D:5:      layout_layer_cave, minmay_misc_feat_plants
D:6:      layout_cave_pools, serial_glass, glass_columns_a, glass_columns_a
D:7:      layout_layer_cave, mainiacjoe_overflow_brackets,
          minmay_temple_entry_enclosed_plants

Skill      XL: |  1  2  3  4  5  6  7 |
---------------+----------------------+-----
Dodging        | 4 5 7 8 9 |  9.6
Translocations | 5 6 7 8 |  8.3
Unarmed Combat | 3 4 5 |  5.2
Fighting       | |  2.0
Spellcasting   | |  2.0

Action                   |  1- 3 |  4- 6 |  7- 9 || total
-------------------------+-------+-------+-------++-------
Melee: Unarmed           |   133 |   324 |   142 ||   599
       Bite              |    17 |    47 |    27 ||    91
       Punch             |     3 |     5 |     3 ||    11
 Stab: Sleeping          |     3 |     7 |     2 ||    12
       Distracted        |       |       |     2 ||     2
Armor: Skin              |     6 |    36 |    13 ||    55
Dodge: Dodged            |   102 |   277 |   137 ||   516
